[ AOE2 MATCH · #484049620 ]
UnrankedByzantines vs Mongols
[ REPLAY ANALYSIS · EXTRACTED FROM THE RECORDED GAME ]
Feudal
10:36
Castle
—
Imperial
—
| APM avg | 20.9 |
| APM peak | 65 |
| eAPM avg | 9.2 |
| Villagers / military | 30 / 0 |
Focus
⚔️ 1.6% · 🌾 98.4%
Feudal
8:54
Castle
—
Imperial
—
| APM avg | 74.3 |
| APM peak | 140 |
| eAPM avg | 31.0 |
| Villagers / military | 44 / 19 |
Focus
⚔️ 60.1% · 🌾 39.9%
Archer ×19
Feudal
9:24
Castle
—
Imperial
—
| APM avg | 21.7 |
| APM peak | 43 |
| eAPM avg | 11.0 |
| Villagers / military | 32 / 4 |
Focus
⚔️ 17.6% · 🌾 82.4%
Scout Cavalry ×4
Feudal
10:32
Castle
—
Imperial
—
| APM avg | 42.1 |
| APM peak | 76 |
| eAPM avg | 18.8 |
| Villagers / military | 36 / 6 |
Focus
⚔️ 24.9% · 🌾 75.1%
Scout Cavalry ×6
Feudal
10:16
Castle
—
Imperial
—
| APM avg | 34.4 |
| APM peak | 55 |
| eAPM avg | 13.6 |
| Villagers / military | 38 / 12 |
Focus
⚔️ 15.3% · 🌾 84.7%
Militia ×6 · Skirmisher ×6
Feudal
10:54
Castle
—
Imperial
—
| APM avg | 33.3 |
| APM peak | 104 |
| eAPM avg | 12.8 |
| Villagers / military | 48 / 5 |
Focus
⚔️ 27.9% · 🌾 72.1%
Spearman ×5
Feudal
10:19
Castle
—
Imperial
—
| APM avg | 23.8 |
| APM peak | 39 |
| eAPM avg | 12.2 |
| Villagers / military | 43 / 10 |
Focus
⚔️ 18.5% · 🌾 81.5%
Scout Cavalry ×10
Feudal
9:14
Castle
—
Imperial
—
| APM avg | 38.2 |
| APM peak | 67 |
| eAPM avg | 12.4 |
| Villagers / military | 33 / 11 |
Focus
⚔️ 17.4% · 🌾 82.6%
Militia ×7 · Spearman ×4
Match map
Initial resources + every placement click. Lines = walls · curves = elevation contours. ◆ gold · ⬟ stone · ● berries · ✦ relic · ◌ wall gap
Your base· Open — unwalled flank
折鸿梦影's base· Open — unwalled flank
Alice1096's base· Open — unwalled flank
aWin's base· Open — unwalled flank
ericweathering's base· Open — unwalled flank
久久's base· Open — unwalled flank
CTM | Chandler's base· Open — unwalled flank
马大帅's base· Open — unwalled flank
Smoothed initial terrain · ◌ = detected wall gap · hover for details
Inputs per minute
— Godrick - - 折鸿梦影
Build order — Godrick
54 actions detected in the replay
| 0:03 | Build | House |
| 0:05 | Build | House |
| 0:08 | Create | Villager (Male) |
| 0:08 | Create | Villager (Male) |
| 0:09 | Create | Villager (Male) |
| 0:09 | Create | Villager (Male) |
| 0:09 | Create | Villager (Male) |
| 1:40 | Build | Lumber Camp |
| 1:45 | Create | Villager (Male) |
| 2:18 | Create | Villager (Male) |
| 2:18 | Create | Villager (Male) |
| 2:55 | Create | Villager (Male) |
| 2:55 | Create | Villager (Male) |
| 3:21 | Create | Villager (Male) |
| 3:22 | Create | Villager (Male) |
| 3:22 | Create | Villager (Male) |
| 3:25 | Build | Mill |
| 3:53 | Create | Villager (Male) |
| 4:27 | Create | Villager (Male) |
| 4:35 | Build | House |
| 5:26 | Create | Villager (Male) |
| 5:27 | Create | Villager (Male) |
| 5:27 | Create | Villager (Male) |
| 6:00 | Create | Villager (Male) |
| 6:33 | Create | Villager (Male) |
| 6:35 | Create | Villager (Male) |
| 7:10 | Build | House |
| 7:13 | Build | Mining Camp |
| 7:34 | Create | Villager (Male) |
| 7:35 | Create | Villager (Male) |
| 7:44 | Build | Farm |
| 8:21 | Build | Farm |
| 8:24 | Research | Feudal Age |
| 8:29 | Build | Farm |
| 10:05 | Build | Farm |
| 10:13 | Build | Farm |
| 10:22 | Create | Villager (Male) |
| 10:36 | Age | Feudal Age |
| 10:38 | Create | Villager (Male) |
| 10:44 | Build | Market |
| 10:51 | Create | Villager (Male) |
| 11:30 | Create | Villager (Male) |
| 11:35 | Build | Blacksmith |
| 11:58 | Build | House |
| 12:08 | Create | Villager (Male) |
| 12:43 | Create | Villager (Male) |
| 12:43 | Create | Villager (Male) |
| 12:48 | Build | Mill |
| 13:10 | Research | Double-Bit Axe |
| 13:59 | Build | Farm |
| 14:02 | Research | Castle Age |
| 14:02 | Research | Castle Age |
| 14:37 | Build | House |
| 15:10 | Build | Barracks |
Build order — 折鸿梦影
102 actions detected in the replay
| 0:00 | Create | Villager (Male) |
| 0:00 | Create | Villager (Male) |
| 0:00 | Create | Villager (Male) |
| 0:01 | Create | Villager (Male) |
| 0:02 | Build | House |
| 0:03 | Build | House |
| 1:27 | Create | Villager (Male) |
| 1:27 | Create | Villager (Male) |
| 1:50 | Build | Lumber Camp |
| 2:03 | Create | Villager (Male) |
| 2:03 | Create | Villager (Male) |
| 2:22 | Create | Villager (Male) |
| 2:22 | Create | Villager (Male) |
| 2:47 | Create | Villager (Male) |
| 2:47 | Create | Villager (Male) |
| 3:05 | Create | Villager (Male) |
| 3:05 | Create | Villager (Male) |
| 3:11 | Build | House |
| 3:39 | Create | Villager (Male) |
| 3:39 | Create | Villager (Male) |
| 3:53 | Build | House |
| 3:56 | Build | House |
| 4:07 | Create | Villager (Male) |
| 4:07 | Create | Villager (Male) |
| 4:21 | Create | Villager (Male) |
| 4:38 | Build | House |
| 5:00 | Create | Villager (Male) |
| 5:00 | Create | Villager (Male) |
| 5:13 | Create | Villager (Male) |
| 5:41 | Research | Loom |
| 5:42 | Research | Loom |
| 6:07 | Build | Mining Camp |
| 6:44 | Research | Feudal Age |
| 6:44 | Research | Feudal Age |
| 7:17 | Build | House |
| 7:18 | Build | Barracks |
| 7:34 | Create | Villager (Male) |
| 7:56 | Create | Villager (Male) |
| 8:29 | Build | House |
| 8:54 | Age | Feudal Age |
| 8:55 | Build | Archery Range |
| 8:58 | Build | Archery Range |
| 9:02 | Build | House |
| 9:08 | Build | Archery Range |
| 9:12 | Create | Villager (Male) |
| 9:22 | Create | Villager (Male) |
| 9:36 | Create | Archer |
| 9:39 | Build | House |
| 9:44 | Create | Archer |
| 9:45 | Create | Villager (Male) |
| 10:17 | Create | Archer |
| 10:20 | Create | Villager (Male) |
| 10:33 | Create | Archer |
| 10:33 | Create | Villager (Male) |
| 10:42 | Build | House |
| 10:53 | Build | Mill |
| 10:53 | Create | Villager (Male) |
| 10:59 | Create | Archer |
| 11:02 | Create | Archer |
| 11:04 | Build | House |
| 11:17 | Create | Archer |
| 11:47 | Create | Villager (Male) |
| 11:48 | Create | Villager (Male) |
| 11:50 | Build | House |
| 12:00 | Create | Archer |
| 12:10 | Create | Archer |
| 12:19 | Build | Mill |
| 12:20 | Create | Archer |
| 12:20 | Create | Archer |
| 12:31 | Create | Villager (Male) |
| 12:31 | Create | Villager (Male) |
| 12:31 | Create | Villager (Male) |
| 12:46 | Build | House |
| 13:01 | Create | Villager (Male) |
| 13:06 | Create | Archer |
| 13:10 | Create | Archer |
| 13:11 | Create | Villager (Male) |
| 13:17 | Build | House |
| 13:26 | Create | Archer |
| 13:26 | Create | Archer |
| 13:28 | Build | Farm |
| 13:29 | Research | Horse Collar |
| 13:29 | Research | Horse Collar |
| 13:29 | Research | Horse Collar |
| 13:44 | Create | Villager (Male) |
| 13:51 | Create | Archer |
| 13:51 | Create | Villager (Male) |
| 13:51 | Create | Villager (Male) |
| 13:58 | Build | Farm |
| 14:28 | Build | Farm |
| 14:29 | Build | House |
| 14:31 | Create | Archer |
| 14:47 | Create | Archer |
| 14:48 | Create | Villager (Male) |
| 14:59 | Create | Archer |
| 15:02 | Build | House |
| 15:08 | Build | Farm |
| 15:19 | Create | Villager (Male) |
| 15:35 | Build | Farm |
| 15:46 | Create | Villager (Male) |
| 15:49 | Build | House |
| 16:09 | Create | Villager (Male) |
Build order — Alice1096
63 actions detected in the replay
| 0:02 | Create | Villager (Male) ×4 |
| 0:03 | Build | House |
| 0:05 | Build | House |
| 1:29 | Create | Villager (Male) |
| 1:30 | Create | Villager (Male) |
| 2:09 | Create | Villager (Male) |
| 2:15 | Build | Lumber Camp |
| 2:16 | Create | Villager (Male) |
| 3:01 | Create | Villager (Male) |
| 3:01 | Create | Villager (Male) |
| 3:23 | Create | Villager (Male) |
| 3:47 | Build | House |
| 3:55 | Create | Villager (Male) |
| 3:56 | Create | Villager (Male) |
| 4:33 | Create | Villager (Male) |
| 4:56 | Create | Villager (Male) |
| 5:02 | Build | Mill |
| 5:08 | Create | Villager (Male) |
| 5:39 | Create | Villager (Male) |
| 5:52 | Create | Villager (Male) |
| 5:53 | Research | Loom |
| 7:14 | Research | Feudal Age |
| 8:35 | Build | House |
| 8:37 | Build | House |
| 9:24 | Age | Feudal Age |
| 9:29 | Build | Stable |
| 9:33 | Create | Villager (Male) |
| 9:37 | Research | Double-Bit Axe |
| 9:40 | Research | Horse Collar |
| 9:51 | Create | Villager (Male) |
| 10:03 | Build | Mill |
| 10:05 | Create | Villager (Male) |
| 10:08 | Build | House |
| 10:09 | Create | Scout Cavalry |
| 10:10 | Create | Scout Cavalry |
| 10:47 | Create | Villager (Male) |
| 11:11 | Build | Farm |
| 11:23 | Create | Villager (Male) |
| 11:27 | Create | Villager (Male) |
| 11:33 | Create | Scout Cavalry |
| 11:48 | Build | Farm |
| 11:59 | Create | Villager (Male) |
| 12:05 | Build | Farm |
| 12:18 | Create | Villager (Male) |
| 12:44 | Create | Villager (Male) |
| 12:49 | Build | Farm |
| 12:52 | Build | Farm |
| 13:22 | Create | Villager (Male) |
| 13:36 | Create | Villager (Male) |
| 13:40 | Build | Mining Camp |
| 13:41 | Create | Villager (Male) |
| 13:43 | Create | Scout Cavalry |
| 13:51 | Build | Farm |
| 13:58 | Create | Villager (Male) |
| 14:10 | Build | Farm |
| 14:39 | Build | Stone Wall |
| 14:42 | Build | Stone Wall |
| 14:52 | Build | House |
| 14:53 | Build | House |
| 14:55 | Create | Villager (Male) |
| 15:04 | Research | Wheelbarrow |
| 15:36 | Build | Market |
| 15:46 | Build | House |
Build order — aWin
78 actions detected in the replay
| 0:05 | Build | House |
| 0:06 | Build | House |
| 0:06 | Create | Villager (Male) |
| 0:06 | Create | Villager (Male) |
| 0:07 | Create | Villager (Male) |
| 0:43 | Create | Villager (Male) |
| 0:44 | Create | Villager (Male) |
| 0:44 | Create | Villager (Male) |
| 1:51 | Build | Lumber Camp |
| 1:55 | Create | Villager (Male) |
| 1:56 | Create | Villager (Male) |
| 2:27 | Create | Villager (Male) |
| 2:28 | Create | Villager (Male) |
| 2:28 | Create | Villager (Male) |
| 3:21 | Create | Villager (Male) |
| 3:21 | Create | Villager (Male) |
| 3:21 | Create | Villager (Male) |
| 3:26 | Build | House |
| 3:31 | Create | Villager (Male) |
| 3:31 | Create | Villager (Male) |
| 4:05 | Create | Villager (Male) |
| 4:05 | Create | Villager (Male) |
| 4:37 | Create | Villager (Male) |
| 4:38 | Create | Villager (Male) |
| 5:01 | Create | Villager (Male) |
| 5:15 | Create | Villager (Male) |
| 5:56 | Build | Mill |
| 6:06 | Create | Villager (Male) |
| 6:16 | Build | House |
| 6:23 | Create | Villager (Male) |
| 6:23 | Create | Villager (Male) |
| 6:34 | Build | Mining Camp |
| 6:45 | Build | House |
| 7:35 | Create | Villager (Male) |
| 7:35 | Create | Villager (Male) |
| 8:28 | Research | Feudal Age |
| 8:28 | Research | Feudal Age |
| 9:09 | Build | Barracks |
| 9:34 | Build | Lumber Camp |
| 10:32 | Age | Feudal Age |
| 10:41 | Build | Stable |
| 11:04 | Build | Market |
| 11:24 | Build | Blacksmith |
| 11:33 | Create | Villager (Male) |
| 11:34 | Create | Villager (Male) |
| 11:35 | Create | Scout Cavalry |
| 11:35 | Create | Scout Cavalry |
| 11:38 | Build | Farm |
| 11:39 | Build | Farm |
| 11:42 | Build | Farm |
| 11:46 | Create | Scout Cavalry |
| 12:17 | Build | Farm |
| 12:18 | Build | Farm |
| 12:19 | Create | Villager (Male) |
| 12:20 | Create | Villager (Male) |
| 12:28 | Build | Farm |
| 12:30 | Create | Scout Cavalry |
| 12:33 | Build | House |
| 12:35 | Build | House |
| 12:37 | Build | House |
| 13:05 | Build | House |
| 13:06 | Build | House |
| 13:08 | Build | House |
| 13:21 | Create | Villager (Male) |
| 13:23 | Build | Farm |
| 13:24 | Build | Farm |
| 14:01 | Create | Scout Cavalry |
| 14:01 | Create | Scout Cavalry |
| 14:10 | Create | Villager (Male) |
| 14:10 | Create | Villager (Male) |
| 14:12 | Build | Farm |
| 14:13 | Build | Farm |
| 14:14 | Build | Farm |
| 15:50 | Create | Villager (Male) |
| 15:50 | Create | Villager (Male) |
| 15:58 | Build | Market |
| 16:00 | Build | House |
| 16:01 | Build | House |
Build order — ericweathering
80 actions detected in the replay
| 0:00 | Create | Villager (Male) |
| 0:00 | Create | Villager (Male) |
| 0:01 | Create | Villager (Male) |
| 0:02 | Build | House |
| 0:05 | Build | House |
| 0:10 | Create | Villager (Male) |
| 0:10 | Create | Villager (Male) |
| 1:23 | Create | Villager (Male) |
| 1:53 | Build | Lumber Camp |
| 2:01 | Create | Villager (Male) |
| 2:01 | Create | Villager (Male) |
| 2:16 | Create | Villager (Male) |
| 2:42 | Create | Villager (Male) |
| 2:58 | Create | Villager (Male) |
| 2:58 | Create | Villager (Male) |
| 3:24 | Build | House |
| 3:25 | Build | House |
| 3:27 | Create | Villager (Male) |
| 3:27 | Create | Villager (Male) |
| 3:40 | Create | Villager (Male) |
| 4:20 | Build | Mill |
| 4:22 | Create | Villager (Male) |
| 4:22 | Create | Villager (Male) |
| 5:03 | Create | Villager (Male) |
| 5:04 | Create | Villager (Male) |
| 5:04 | Create | Villager (Male) |
| 5:21 | Build | Mill |
| 5:40 | Create | Villager (Male) |
| 5:40 | Create | Villager (Male) |
| 5:54 | Create | Villager (Male) |
| 6:00 | Create | Villager (Male) |
| 6:56 | Create | Villager (Male) |
| 7:04 | Research | Loom |
| 7:05 | Create | Villager (Male) |
| 7:20 | Build | Barracks |
| 8:02 | Create | Villager (Male) |
| 8:06 | Research | Feudal Age |
| 8:25 | Create | Militia |
| 8:30 | Build | Mining Camp |
| 8:46 | Build | House |
| 8:49 | Create | Militia |
| 8:52 | Create | Villager (Male) |
| 9:12 | Create | Villager (Male) |
| 9:30 | Create | Militia |
| 9:56 | Create | Villager (Male) |
| 10:02 | Create | Militia |
| 10:14 | Build | Farm |
| 10:16 | Age | Feudal Age |
| 10:19 | Build | Farm |
| 10:21 | Research | Man-at-Arms (upgrade) |
| 10:27 | Build | Farm |
| 10:30 | Research | Double-Bit Axe |
| 10:43 | Create | Villager (Male) |
| 10:48 | Build | Farm |
| 11:47 | Create | Villager (Male) |
| 11:52 | Build | Farm |
| 12:00 | Build | Archery Range |
| 12:12 | Create | Villager (Male) |
| 12:25 | Build | Archery Range |
| 12:26 | Create | Villager (Male) |
| 12:45 | Build | Farm |
| 12:45 | Build | Farm |
| 12:46 | Build | Farm |
| 12:46 | Build | Farm |
| 12:58 | Create | Villager (Male) |
| 13:01 | Create | Militia |
| 13:02 | Create | Militia |
| 13:13 | Research | Horse Collar |
| 13:26 | Build | House |
| 13:36 | Create | Skirmisher |
| 13:51 | Create | Skirmisher |
| 14:19 | Create | Villager (Male) |
| 14:25 | Create | Skirmisher |
| 14:27 | Create | Skirmisher |
| 14:44 | Create | Villager (Male) |
| 14:48 | Create | Skirmisher |
| 14:49 | Create | Skirmisher |
| 14:49 | Create | Villager (Male) |
| 15:18 | Build | House |
| 15:20 | Build | House |
Build order — 久久
66 actions detected in the replay
| 0:02 | Research | Loom |
| 0:02 | Research | Loom |
| 1:02 | Create | Villager (Male) |
| 1:02 | Create | Villager (Male) |
| 1:44 | Create | Villager (Male) |
| 1:44 | Create | Villager (Male) |
| 1:44 | Create | Villager (Male) |
| 1:48 | Build | Lumber Camp |
| 2:16 | Create | Villager (Male) |
| 2:16 | Create | Villager (Male) |
| 2:35 | Create | Villager (Male) |
| 2:35 | Create | Villager (Male) |
| 2:59 | Create | Villager (Male) |
| 2:59 | Create | Villager (Male) |
| 3:36 | Build | House |
| 3:45 | Create | Villager (Male) |
| 3:45 | Create | Villager (Male) |
| 3:54 | Create | Villager (Male) |
| 3:54 | Create | Villager (Male) |
| 4:14 | Build | House |
| 4:38 | Create | Villager (Male) |
| 4:40 | Build | Mill |
| 5:00 | Build | House |
| 5:04 | Build | House |
| 5:06 | Build | House |
| 5:11 | Create | Villager (Male) |
| 5:11 | Create | Villager (Male) |
| 5:34 | Create | Villager (Male) |
| 5:35 | Create | Villager (Male) |
| 6:09 | Create | Villager (Male) |
| 6:09 | Create | Villager (Male) |
| 6:24 | Create | Villager (Male) |
| 6:24 | Create | Villager (Male) |
| 6:41 | Create | Villager (Male) |
| 7:21 | Create | Villager (Male) |
| 7:47 | Create | Villager (Male) |
| 7:49 | Build | Mining Camp |
| 8:19 | Create | Villager (Male) |
| 8:43 | Research | Feudal Age |
| 8:43 | Research | Feudal Age |
| 9:29 | Create | Villager (Male) |
| 9:29 | Create | Villager (Male) |
| 9:30 | Create | Villager (Male) |
| 10:48 | Build | Barracks |
| 10:54 | Age | Feudal Age |
| 10:55 | Build | Stone Wall |
| 11:02 | Build | Stone Wall |
| 11:10 | Build | Gate |
| 11:15 | Build | Stone Wall |
| 11:19 | Build | Market |
| 11:38 | Create | Villager (Male) ×5 |
| 11:47 | Create | Spearman |
| 11:48 | Create | Spearman |
| 12:11 | Create | Spearman |
| 12:31 | Research | Double-Bit Axe |
| 12:46 | Create | Villager (Male) |
| 13:25 | Build | Farm |
| 13:26 | Build | Farm |
| 13:41 | Build | Stone Wall |
| 14:00 | Build | Stone Wall |
| 14:17 | Create | Spearman |
| 14:42 | Create | Villager (Male) ×5 |
| 14:49 | Create | Villager (Male) |
| 15:25 | Create | Spearman |
| 15:34 | Build | Blacksmith |
| 16:02 | Create | Villager (Male) ×5 |
Build order — CTM | Chandler
77 actions detected in the replay
| 0:01 | Create | Villager (Male) |
| 0:02 | Create | Villager (Male) |
| 0:05 | Build | House |
| 0:06 | Build | House |
| 0:09 | Create | Villager (Male) |
| 0:10 | Create | Villager (Male) |
| 1:23 | Create | Villager (Male) |
| 1:24 | Create | Villager (Male) |
| 2:28 | Create | Villager (Male) |
| 2:28 | Create | Villager (Male) |
| 2:29 | Create | Villager (Male) |
| 2:37 | Build | Lumber Camp |
| 3:01 | Create | Villager (Male) |
| 3:01 | Create | Villager (Male) |
| 3:50 | Build | House |
| 4:20 | Create | Villager (Male) |
| 4:20 | Create | Villager (Male) |
| 4:20 | Create | Villager (Male) |
| 4:20 | Create | Villager (Male) |
| 5:15 | Build | Mill |
| 5:41 | Create | Villager (Male) |
| 5:41 | Create | Villager (Male) |
| 5:42 | Create | Villager (Male) |
| 6:11 | Create | Villager (Male) |
| 6:11 | Create | Villager (Male) |
| 6:11 | Create | Villager (Male) |
| 6:22 | Create | Villager (Male) |
| 6:22 | Create | Villager (Male) |
| 6:42 | Build | House |
| 6:53 | Create | Villager (Male) |
| 7:22 | Create | Villager (Male) |
| 7:50 | Create | Villager (Male) |
| 7:50 | Research | Loom |
| 7:53 | Build | Farm |
| 7:59 | Build | Farm |
| 8:15 | Research | Loom |
| 8:16 | Research | Feudal Age |
| 8:22 | Build | Farm |
| 8:45 | Build | Farm |
| 9:24 | Create | Villager (Male) |
| 9:35 | Build | House |
| 10:07 | Create | Villager (Male) |
| 10:19 | Age | Feudal Age |
| 10:27 | Research | Double-Bit Axe |
| 10:59 | Create | Villager (Male) |
| 11:08 | Build | Barracks |
| 12:04 | Create | Villager (Male) |
| 12:05 | Create | Villager (Male) |
| 12:18 | Build | Stable |
| 12:33 | Create | Villager (Male) |
| 12:33 | Create | Villager (Male) |
| 13:01 | Create | Villager (Male) |
| 13:02 | Create | Villager (Male) |
| 13:21 | Create | Villager (Male) |
| 13:21 | Create | Villager (Male) |
| 13:26 | Create | Scout Cavalry |
| 13:26 | Create | Scout Cavalry |
| 13:39 | Create | Villager (Male) |
| 13:48 | Build | House |
| 13:50 | Build | House |
| 13:53 | Build | Stable |
| 14:01 | Build | Farm |
| 14:06 | Build | Farm |
| 14:13 | Create | Villager (Male) |
| 14:20 | Create | Scout Cavalry |
| 14:21 | Create | Scout Cavalry |
| 14:21 | Create | Scout Cavalry |
| 14:28 | Build | Mining Camp |
| 14:36 | Create | Villager (Male) |
| 14:36 | Create | Villager (Male) |
| 14:41 | Create | Scout Cavalry |
| 14:41 | Create | Scout Cavalry |
| 15:19 | Create | Scout Cavalry |
| 15:20 | Create | Scout Cavalry |
| 15:33 | Create | Scout Cavalry |
| 15:35 | Create | Villager (Male) |
| 15:35 | Create | Villager (Male) |
Build order — 马大帅
70 actions detected in the replay
| 0:02 | Create | Villager (Male) |
| 0:02 | Create | Villager (Male) |
| 0:02 | Create | Villager (Male) |
| 0:02 | Create | Villager (Male) |
| 0:03 | Create | Villager (Male) |
| 0:04 | Build | House |
| 0:05 | Build | House |
| 1:44 | Create | Villager (Male) |
| 1:44 | Create | Villager (Male) |
| 1:48 | Create | Villager (Male) |
| 1:48 | Create | Villager (Male) |
| 2:06 | Build | Lumber Camp |
| 2:33 | Build | House |
| 2:34 | Build | House |
| 2:45 | Create | Villager (Male) |
| 3:06 | Create | Villager (Male) |
| 3:06 | Create | Villager (Male) |
| 3:50 | Create | Villager (Male) |
| 4:06 | Create | Villager (Male) |
| 4:50 | Create | Villager (Male) |
| 5:22 | Create | Villager (Male) |
| 5:22 | Create | Villager (Male) |
| 5:43 | Build | Mill |
| 5:49 | Create | Villager (Male) |
| 5:49 | Create | Villager (Male) |
| 6:33 | Research | Loom |
| 7:04 | Research | Feudal Age |
| 7:32 | Build | Mining Camp |
| 7:46 | Create | Villager (Male) |
| 7:47 | Create | Villager (Male) |
| 8:48 | Build | Barracks |
| 8:53 | Create | Villager (Male) |
| 9:14 | Age | Feudal Age |
| 9:17 | Research | Double-Bit Axe |
| 9:31 | Create | Villager (Male) |
| 9:35 | Research | Horse Collar |
| 10:03 | Create | Villager (Male) |
| 10:09 | Create | Militia |
| 10:10 | Create | Militia |
| 10:36 | Create | Villager (Male) |
| 10:54 | Create | Villager (Male) |
| 11:04 | Build | Farm |
| 11:07 | Build | Farm |
| 11:17 | Build | Farm |
| 11:20 | Build | Farm |
| 11:24 | Build | House |
| 11:29 | Research | Wheelbarrow |
| 11:57 | Create | Villager (Male) |
| 12:01 | Build | Farm |
| 12:03 | Build | Farm |
| 12:04 | Build | Farm |
| 12:19 | Create | Spearman |
| 12:19 | Create | Spearman |
| 12:21 | Create | Spearman |
| 12:45 | Create | Spearman |
| 12:48 | Create | Villager (Male) |
| 12:51 | Research | Man-at-Arms (upgrade) |
| 13:10 | Build | House |
| 14:06 | Create | Militia |
| 14:07 | Create | Militia |
| 14:07 | Create | Militia |
| 14:23 | Create | Villager (Male) |
| 14:24 | Create | Villager (Male) |
| 14:25 | Create | Villager (Male) |
| 14:33 | Build | Lumber Camp |
| 14:49 | Create | Villager (Male) |
| 14:52 | Create | Militia |
| 15:34 | Build | House |
| 15:39 | Create | Villager (Male) |
| 16:01 | Create | Militia |
Match timeline
| 7:18 | 折鸿梦影 · first_building Barracks |
| 7:20 | ericweathering · first_building Barracks |
| 8:48 | 马大帅 · first_building Barracks |
| 8:54 | 折鸿梦影 · age_up feudal |
| 8:55 | 折鸿梦影 · first_building Archery Range |
| 9:09 | aWin · first_building Barracks |
| 9:14 | 马大帅 · age_up feudal |
| 9:24 | Alice1096 · age_up feudal |
| 9:29 | Alice1096 · first_building Stable |
| 10:16 | ericweathering · age_up feudal |
| 10:19 | CTM | Chandler · age_up feudal |
| 10:32 | aWin · age_up feudal |
| 10:36 | Godrick · age_up feudal |
| 10:41 | aWin · first_building Stable |
| 10:48 | 久久 · first_building Barracks |
| 10:54 | 久久 · age_up feudal |
| 10:55 | 久久 · wall_segment Stone Wall x1 |
| 11:02 | 久久 · wall_segment Stone Wall x10 |
| 11:08 | CTM | Chandler · first_building Barracks |
| 11:15 | 久久 · wall_segment Stone Wall x2 |
| 12:00 | ericweathering · first_building Archery Range |
| 12:18 | CTM | Chandler · first_building Stable |
| 13:17 | Godrick · first_market_buy 100 food |
| 13:41 | 久久 · wall_segment Stone Wall x7 |
| 13:45 | 久久 · first_market_buy 100 stone |
| 14:00 | 久久 · wall_segment Stone Wall x13 |
| 14:39 | Alice1096 · wall_segment Stone Wall x6 |
| 14:42 | Alice1096 · wall_segment Stone Wall x11 |
| 15:10 | Godrick · first_building Barracks |
| 15:42 | ericweathering · resign |
[ AI ANALYSIS · 1 CREDIT ]
What really happened in this match?
Wolo.gg analyzes every decision: build order, eco, micro, common mistakes by bracket. Personalized analysis on WhatsApp or Discord in 30 seconds.
Civ guide
Byzantines
Perfil
Jugador #239062